| 
	| TOP OF THE 1ST | 
|---|
 
		| Lehigh Valley IronPigs batting - Pitching for Reno Aces : RHP Chad Pfeiffer |  
		| Pitching: RHP Chad Pfeiffer |  |  
		| Batting: LHB Chris Moody | 0-0: Ball 1-0: Foul Ball, location: 2F
 1-1: Called Strike
 1-2: Ball
 2-2: Foul Ball, location: 2F
 2-2: DOUBLE  (Line Drive, 78M, EV 96.9 MPH)
 |  
		| Batting: RHB Mark Schultz | 0-0: Called Strike 0-1: Ground out 6-3 (Groundball, 6, EV 106.2 MPH)
 |  
		| Batting: RHB Melchor Sovrivilla | 0-0: Called Strike 0-1: Ground out 5-3 (Groundball, 56S, EV 82.5 MPH)
 |  
		| Batting: RHB Jose Leon | 0-0: Ball 1-0: SINGLE  (Line Drive, 7S, EV 92.5 MPH)
 Chris Moody to third
 Runner from 3rd tries for Home, SAFE, throw by LF to home
 |  
		| Batting: LHB Jose Carlos | 0-0: Foul Ball, location: 2F 0-1: Ball
 1-1: DOUBLE  (Line Drive, 78D, EV 103.1 MPH)
 Jose Leon to third
 Runner from 3rd tries for Home, SAFE, no throw by LF
 |  
		| Batting: SHB Josh Schultze | 0-0: Called Strike 0-1: Called Strike
 0-2: Foul Ball, location: 2F
 0-2: Strikes out swinging
 |  
		| Top of the 1st over - 2 runs, 3 hits, 0 errors, 1 left on base; Lehigh Valley 2 - Reno 0 |  
	| BOTTOM OF THE 1ST | 
|---|
 
		| Reno Aces batting - Pitching for Lehigh Valley IronPigs : RHP Jeremy Trotter |  
		| Pitching: RHP Jeremy Trotter |  |  
		| Batting: LHB Willie Gutierrez | 0-0: Swinging Strike 0-1: Ball
 1-1: Swinging Strike
 1-2: Ball
 2-2: Ball
 3-2: Ground out 3-1 (Groundball, 34, EV 83.1 MPH)
 |  
		| Batting: RHB Jesus Galvan | 0-0: Called Strike 0-1: Ball
 1-1: Called Strike
 1-2: Ball
 2-2:  Fly out, F9  (Flyball, 89M, EV 85.0 MPH)
 |  
		| Batting: LHB Ian Jarvis | 0-0: Ball 1-0: Ball
 2-0: Ball
 3-0: Called Strike
 3-1: Base on Balls
 |  
		| Batting: LHB Jeff Densmore | 0-0: Called Strike 0-1: Ball
 1-1: Foul Ball, location: 2F
 1-2: Ball
 2-2: Strikes out swinging
 |  
		| Bottom of the 1st over - 0 runs, 0 hits, 0 errors, 1 left on base; Lehigh Valley 2 - Reno 0 |  
	| TOP OF THE 2ND | 
|---|
 
		| Lehigh Valley IronPigs batting - Pitching for Reno Aces : RHP Chad Pfeiffer |  
		| Batting: LHB Pat Shaddock | 0-0: Foul Ball, location: 2F 0-1: Ball
 1-1: Ball
 2-1: Called Strike
 2-2: Ball
 3-2: Foul Ball, location: 2F
 3-2: Foul Ball, location: 2F
 3-2: Ground out 6-3 (Groundball, 6, EV 80.6 MPH)
 |  
		| Batting: LHB Tom Edwards | 0-0: Foul Ball, location: 2F 0-1: Foul Ball, location: 2F
 0-2: Ball
 1-2: Ball
 2-2: Ball
 3-2: Foul Ball, location: 2F
 3-2: Ground out 4-3 (Groundball, 34D, EV 80.6 MPH)
 |  
		| Batting: RHB Francisco Viera | 0-0: Called Strike 0-1: Called Strike
 0-2: Ball
 1-2: Strikes out swinging
 |  
		| Top of the 2nd over - 0 runs, 0 hits, 0 errors, 0 left on base; Lehigh Valley 2 - Reno 0 |  
	| BOTTOM OF THE 2ND | 
|---|
 
		| Reno Aces batting - Pitching for Lehigh Valley IronPigs : RHP Jeremy Trotter |  
		| Batting: LHB Soo-yeon Kym | 0-0: Called Strike 0-1: Swinging Strike
 0-2: Foul Ball, location: 2F
 0-2: Ground out 4-3 (Groundball, 34, EV 101.9 MPH)
 |  
		| Batting: RHB Josh Burrows | 0-0: Called Strike 0-1: Ball
 1-1: Ball
 2-1: Foul Ball, location: 2F
 2-2: Ball
 3-2:  Fly out, F8  (Flyball, 8RM, EV 90.0 MPH)
 |  
		| Batting: RHB Nick Beecher | 0-0: Ball 1-0: Ball
 2-0: DOUBLE  (Line Drive, 9LS, EV 91.2 MPH) - OUT at third base trying to stretch hit.
 |  
		| Bottom of the 2nd over - 0 runs, 1 hit, 0 errors, 0 left on base; Lehigh Valley 2 - Reno 0 |  
	| TOP OF THE 3RD | 
|---|
 
		| Lehigh Valley IronPigs batting - Pitching for Reno Aces : RHP Chad Pfeiffer |  
		| Batting: LHB Chris Moody | 0-0: Ball 1-0: Called Strike
 1-1: Swinging Strike
 1-2: Foul Ball, location: 2F
 1-2: Ball
 2-2: Foul Ball, location: 2F
 2-2: Foul Ball, location: 2F
 2-2: Foul Ball, location: 2F
 2-2: Strikes out swinging
 |  
		| Batting: RHB Mark Schultz | 0-0: Ball 1-0: SINGLE  (Flyball, 7S, EV 90.6 MPH)
 |  
		| Batting: RHB Melchor Sovrivilla | 0-0: Called Strike Mark Schultz is caught stealing 2nd base 2-4
 0-1: Called Strike
 0-2: TRIPLE  (Line Drive, 78XD, EV 108.1 MPH)
 |  
		| Batting: RHB Jose Leon | 0-0: Called Strike 0-1: Ball
 1-1: Ball
 2-1: Foul Ball, location: 2F
 2-2: Foul Ball, location: 2F
 2-2: Ball
 3-2: Strikes out swinging
 |  
		| Top of the 3rd over - 0 runs, 2 hits, 0 errors, 1 left on base; Lehigh Valley 2 - Reno 0 |  
	| BOTTOM OF THE 3RD | 
|---|
 
		| Reno Aces batting - Pitching for Lehigh Valley IronPigs : RHP Jeremy Trotter |  
		| Batting: LHB Kevin Ferguson | 0-0: Called Strike 0-1: Ball
 1-1: Foul Ball, location: 2F
 1-2: Ball
 2-2: Ball
 3-2: Strikes out looking and he ARGUES THE CALL AND IS TOSSED!
 |  
		| Batting: RHB Danny Gerardo | 0-0: Swinging Strike 0-1: Called Strike
 0-2: Foul Ball, location: 2F
 0-2: DOUBLE  (Groundball, 5L, EV 108.8 MPH)
 |  
		| Batting: LHB Willie Gutierrez | 0-0: Ball 1-0: Ball
 2-0: Foul Ball, location: 2F
 2-1: Called Strike
 2-2: Ball
 3-2: Foul Ball, location: 2F
 3-2: Ground out 4-3 (Groundball, 4, EV 103.1 MPH)
 Danny Gerardo to third
 |  
		| Batting: RHB Jesus Galvan | 0-0: Called Strike 0-1: Called Strike
 0-2: Strikes out looking
 |  
		| Bottom of the 3rd over - 0 runs, 1 hit, 0 errors, 1 left on base; Lehigh Valley 2 - Reno 0 |  
	| TOP OF THE 4TH | 
|---|
 
		| Lehigh Valley IronPigs batting - Pitching for Reno Aces : RHP Chad Pfeiffer |  
		| Now in LF: Yutaka Oki |  |  
		| Batting: LHB Jose Carlos | 0-0: Ball 1-0: Foul Ball, location: 2F
 1-1: Ball
 2-1: Ball
 3-1: Ground out 4-3 (Groundball, 4, EV 88.1 MPH)
 |  
		| Batting: SHB Josh Schultze | 0-0: Ball 1-0: Called Strike
 1-1: Called Strike
 1-2: Ground out 3-1 (Groundball, 34S, EV 91.2 MPH)
 |  
		| Batting: LHB Pat Shaddock | 0-0: Ground out U3 (Groundball, 3, EV 101.2 MPH) |  
		| Top of the 4th over - 0 runs, 0 hits, 0 errors, 0 left on base; Lehigh Valley 2 - Reno 0 |  
	| BOTTOM OF THE 4TH | 
|---|
 
		| Reno Aces batting - Pitching for Lehigh Valley IronPigs : RHP Jeremy Trotter |  
		| Batting: LHB Ian Jarvis | 0-0: Ball 1-0: Ball
 2-0: Ball
 3-0: Base on Balls
 |  
		| Batting: LHB Jeff Densmore | 0-0: Ball 1-0: Ball
 2-0: Swinging Strike
 2-1: Fielders Choice at 2nd, 4-6 (Groundball, 34, EV 84.4 MPH)
 |  
		| Batting: LHB Soo-yeon Kym | 0-0: Called Strike Jeff Densmore is caught stealing 2nd base 2-6
 0-1: Ground out 3-1 (Groundball, 34, EV 86.2 MPH)
 |  
		| Bottom of the 4th over - 0 runs, 0 hits, 0 errors, 0 left on base; Lehigh Valley 2 - Reno 0 |  
	| TOP OF THE 5TH | 
|---|
 
		| Lehigh Valley IronPigs batting - Pitching for Reno Aces : RHP Chad Pfeiffer |  
		| Batting: LHB Tom Edwards | 0-0: Ground out 6-3 (Groundball, 4M, EV 105.0 MPH) |  
		| Batting: RHB Francisco Viera | 0-0: Ground out 5-3 (Groundball, 56S, EV 86.9 MPH) |  
		| Batting: LHB Chris Moody | 0-0: Ground out 4-3 (Groundball, 4, EV 101.9 MPH) |  
		| Top of the 5th over - 0 runs, 0 hits, 0 errors, 0 left on base; Lehigh Valley 2 - Reno 0 |  
	| BOTTOM OF THE 5TH | 
|---|
 
		| Reno Aces batting - Pitching for Lehigh Valley IronPigs : RHP Jeremy Trotter |  
		| Batting: RHB Josh Burrows | 0-0: Ball 1-0:  Fly out, F5  (Popup, 5S, EV 81.9 MPH)
 |  
		| Batting: RHB Nick Beecher | 0-0: Called Strike 0-1: Ball
 1-1: Swinging Strike
 1-2: Foul Ball, location: 2F
 1-2: Ball
 2-2: Ball
 3-2: Ground out 6-3 (Groundball, 6, EV 85.0 MPH)
 |  
		| Batting: RHB Yutaka Oki | 0-0: Called Strike 0-1: Foul Ball, location: 2F
 0-2: Foul Ball, location: 2F
 0-2: Ball
 1-2: Foul Ball, location: 2F
 1-2: Ground out 5-3 (Groundball, 56D, EV 83.8 MPH)
 |  
		| Bottom of the 5th over - 0 runs, 0 hits, 0 errors, 0 left on base; Lehigh Valley 2 - Reno 0 |  
	| TOP OF THE 6TH | 
|---|
 
		| Lehigh Valley IronPigs batting - Pitching for Reno Aces : RHP Chad Pfeiffer |  
		| Batting: RHB Mark Schultz | 0-0: Ball 1-0: Ball
 2-0: Called Strike
 2-1: Foul Ball, location: 2F
 2-2: Ground out 6-3 (Groundball, 6D, EV 85.0 MPH)
 |  
		| Batting: RHB Melchor Sovrivilla | 0-0: Hit by Pitch |  
		| Batting: RHB Jose Leon | 0-0: Ball 1-0: SINGLE  (Line Drive, 89S, EV 92.5 MPH)
 Melchor Sovrivilla to second
 Runner from 2nd tries for 3rd, SAFE, throw by RF made to third
 |  
		| Batting: LHB Jose Carlos | 0-0: Ball 1-0: Ball
 2-0: Called Strike
 2-1: Ball
 3-1: Base on Balls
 Jose Leon to second
 |  
		| Batting: SHB Josh Schultze | 0-0: Called Strike 0-1: Ball
 1-1: Called Strike
 1-2: Ball
 2-2: Foul Ball, location: 2F
 2-2: Strikes out looking
 |  
		| Batting: LHB Pat Shaddock | 0-0: Called Strike 0-1: Ball
 1-1: Ground out 6-3 (Groundball, 6MS, EV 68.8 MPH)
 |  
		| Top of the 6th over - 0 runs, 1 hit, 0 errors, 3 left on base; Lehigh Valley 2 - Reno 0 |  
	| BOTTOM OF THE 6TH | 
|---|
 
		| Reno Aces batting - Pitching for Lehigh Valley IronPigs : RHP Jeremy Trotter |  
		| Batting: RHB Danny Gerardo | 0-0: Called Strike 0-1: Foul Ball, location: 2F
 0-2: Ball
 1-2:  Fly out, F9  (Flyball, 9, EV 85.0 MPH)
 |  
		| Batting: LHB Willie Gutierrez | 0-0: Ball 1-0: Ball
 2-0: Foul Ball, location: 2F
 2-1: Ball
 3-1:  Fly out, F7  (Flyball, 7, EV 80.0 MPH)
 |  
		| Batting: RHB Jesus Galvan | 0-0: Called Strike 0-1: DOUBLE  (Line Drive, 78XD, EV 111.9 MPH)
 |  
		| Batting: LHB Ian Jarvis | 0-0: Ball 1-0: Ball
 2-0: Called Strike
 2-1: Foul Ball, location: 2F
 2-2: Ball
 3-2: Base on Balls
 |  
		| Batting: LHB Jeff Densmore | 0-0: Called Strike 0-1: Foul Ball, location: 2F
 0-2: Ball
 1-2: Foul Ball, location: 2F
 1-2: Ground out 4-3 (Groundball, 4, EV 110.0 MPH)
 |  
		| Bottom of the 6th over - 0 runs, 1 hit, 0 errors, 2 left on base; Lehigh Valley 2 - Reno 0 |  
	| TOP OF THE 7TH | 
|---|
 
		| Lehigh Valley IronPigs batting - Pitching for Reno Aces : RHP Chad Pfeiffer |  
		| Batting: LHB Tom Edwards | 0-0: Called Strike 0-1: Ball
 1-1: Swinging Strike
 1-2: Foul Ball, location: 2F
 1-2: Ball
 2-2:  SOLO HOME RUN  (Flyball, 9LD, EV 96.2 MPH), Distance : 353 ft
 |  
		| Batting: RHB Francisco Viera | 0-0: Ball 1-0: Ball
 2-0: Ground out 6-3 (Groundball, 56D, EV 105.0 MPH)
 |  
		| Batting: LHB Chris Moody | 0-0: Ball 1-0: Ball
 2-0: Ball
 3-0: Base on Balls
 |  
		| Pitching: RHP Jose Fernandez |  |  
		| Batting: RHB Mark Schultz | 0-0: Called Strike 0-1: Foul Ball, location: 2F
 0-2: Ball
 1-2: Foul Ball, location: 2F
 1-2: Foul Ball, location: 2F
 1-2: Ball
 2-2: Strikes out swinging
 |  
		| Batting: RHB Melchor Sovrivilla | 0-0: Called Strike Chris Moody steals 2nd base
 0-1: Swinging Strike
 0-2: Ball
 1-2: Strikes out swinging
 |  
		| Top of the 7th over - 1 run, 1 hit, 0 errors, 1 left on base; Lehigh Valley 3 - Reno 0 |  
	| BOTTOM OF THE 7TH | 
|---|
 
		| Reno Aces batting - Pitching for Lehigh Valley IronPigs : RHP Jeremy Trotter |  
		| Pitching: LHP Brian Wildrick |  |  
		| Batting: LHB Soo-yeon Kym | 0-0: SINGLE  (Groundball, 6MS, EV 73.1 MPH) (infield hit) |  
		| Pitching: RHP Hideki Kobayashi |  |  
		| Batting: RHB Josh Burrows | 0-0: Ball 1-0: Called Strike
 1-1: Swinging Strike
 1-2: Ball
 2-2: Foul Ball, location: 2F
 2-2: Foul Ball, location: 2F
 2-2: Ball
 3-2:  Fly out, F8  (Flyball, 8LD, EV 80.0 MPH)
 |  
		| Batting: RHB Nick Beecher | 0-0: Ball 1-0: SINGLE  (Groundball, 56D, EV 103.8 MPH)
 Soo-yeon Kym to second
 |  
		| Pinch Hitting: LHB Tommy King | 0-0: Ball 1-0: Grounds into double play, 6-4-3 (Groundball, 6, EV 109.4 MPH)
 |  
		| Bottom of the 7th over - 0 runs, 2 hits, 0 errors, 1 left on base; Lehigh Valley 3 - Reno 0 |  
	| TOP OF THE 8TH | 
|---|
 
		| Lehigh Valley IronPigs batting - Pitching for Reno Aces : RHP Jose Fernandez |  
		| Now in LF: Tommy King |  |  
		| Batting: RHB Jose Leon | 0-0: Ball 1-0: Called Strike
 1-1: Called Strike
 1-2: Ball
 2-2: Ball
 3-2: Foul Ball, location: 2F
 3-2: Base on Balls
 |  
		| Batting: LHB Jose Carlos | 0-0: Ball 1-0: Foul Ball, location: 2F
 1-1: Foul Ball, location: 2F
 1-2: DOUBLE  (Line Drive, 9LS, EV 93.1 MPH)
 Jose Leon to third
 |  
		| Batting: SHB Josh Schultze | 0-0: Ball 1-0: Ball
 2-0: DOUBLE  (Line Drive, 7LM, EV 110.0 MPH)
 Jose Leon scores
 Jose Carlos scores
 |  
		| Batting: LHB Pat Shaddock | 0-0: Called Strike 0-1: Ground out 4-3 (Groundball, 4, EV 83.1 MPH)
 Josh Schultze to third
 |  
		| Batting: LHB Tom Edwards | 0-0: Ball 1-0: Ball
 2-0: Called Strike
 2-1: Ground out U3 (Groundball, 3, EV 93.8 MPH)
 |  
		| Batting: RHB Francisco Viera | 0-0: Ball 1-0: Foul Ball, location: 2F
 1-1: Swinging Strike
 1-2: Ball
 2-2: Ball
 3-2: Foul Ball, location: 2F
 3-2: Base on Balls
 |  
		| Pitching: LHP Tristan Morrow |  |  
		| Batting: LHB Chris Moody | 0-0: Ground out 4-3 (Groundball, 13, EV 83.1 MPH) |  
		| Top of the 8th over - 2 runs, 2 hits, 0 errors, 2 left on base; Lehigh Valley 5 - Reno 0 |  
	| BOTTOM OF THE 8TH | 
|---|
 
		| Reno Aces batting - Pitching for Lehigh Valley IronPigs : RHP Hideki Kobayashi |  
		| Batting: RHB Danny Gerardo | 0-0: Ball 1-0: Ball
 2-0: Swinging Strike
 2-1: Swinging Strike
 2-2: Foul Ball, location: 2F
 2-2: Ground out 6-3 (Groundball, 6, EV 94.4 MPH)
 |  
		| Batting: LHB Willie Gutierrez | 0-0: Called Strike 0-1: Ball
 1-1: Foul Ball, location: 2F
 1-2: Ball
 2-2: Strikes out swinging
 |  
		| Batting: RHB Jesus Galvan | 0-0: Called Strike 0-1: Foul Ball, location: 2F
 0-2: Ground out U3 (Groundball, 34, EV 99.4 MPH)
 |  
		| Bottom of the 8th over - 0 runs, 0 hits, 0 errors, 0 left on base; Lehigh Valley 5 - Reno 0 |  
	| TOP OF THE 9TH | 
|---|
 
		| Lehigh Valley IronPigs batting - Pitching for Reno Aces : LHP Tristan Morrow |  
		| Batting: RHB Mark Schultz | 0-0: Foul Ball, location: 2F 0-1: DOUBLE  (Line Drive, 8RXD, EV 100.6 MPH)
 |  
		| Batting: RHB Melchor Sovrivilla | 0-0: Ball Wild Pitch!
 Mark Schultz to third
 1-0: Ball
 2-0: Ball
 3-0: Base on Balls
 |  
		| Batting: RHB Jose Leon | 0-0: Grounds into double play, 6-4-3 (Groundball, 6, EV 81.9 MPH) Mark Schultz scores
 |  
		| Batting: LHB Jose Carlos | 0-0: Called Strike 0-1:  Fly out, F9  (Flyball, 89S, EV 92.5 MPH)
 |  
		| Top of the 9th over - 1 run, 1 hit, 0 errors, 0 left on base; Lehigh Valley 6 - Reno 0 |  
	| BOTTOM OF THE 9TH | 
|---|
 
		| Reno Aces batting - Pitching for Lehigh Valley IronPigs : RHP Hideki Kobayashi |  
		| Batting: LHB Ian Jarvis | 0-0: Called Strike 0-1: Foul Ball, location: 2F
 0-2: Ball
 1-2: Ball
 2-2: Strikes out swinging
 |  
		| Batting: LHB Jeff Densmore | 0-0: Called Strike 0-1: Ball
 1-1: Ball
 2-1: Foul Ball, location: 2F
 2-2: Ball
 3-2: Strikes out looking
 |  
		| Batting: LHB Soo-yeon Kym | 0-0: Called Strike 0-1: Ball
 1-1: Foul Ball, location: 2F
 1-2: Foul Ball, location: 2F
 1-2: Ball
 2-2: Ball
 3-2: Ground out 5-3 (Groundball, 56, EV 110.0 MPH)
 |  
		| Bottom of the 9th over - 0 runs, 0 hits, 0 errors, 0 left on base; Lehigh Valley 6 - Reno 0 |  |